 Dungeon Crawl Stone Soup version 0.17-a0-1954-g0dddeaa (webtiles) character file.

70 Shim the Chopper (level 4, 0/37 HPs)
             Began as a Hill Orc Gladiator on Oct 4, 2015.
             Slain by Crazy Yiuf
             ... wielding a +4 quarterstaff of chaos
              (11 damage)
             ... on level 2 of the Dungeon.
             The game lasted 00:08:23 (2651 turns).

Shim the Chopper (Hill Orc Gladiator)               Turns: 2651, Time: 00:08:24

Health: 0/37       AC:  6    Str: 17    XL:     4   Next: 22%
Magic:  4/4        EV: 11    Int: 13    God:
Gold:   70         SH:  0    Dex: 12    Spells: 0 memorised, 3 levels left

rFire  . . .     SeeInvis .     a - +0 war axe
rCold  . . .     Clarity  .     l - +0 ring mail (curse)
rNeg   . . .     SustAt   .     (no shield)
rPois  .         Gourm    .     c - +0 helmet
rElec  .         Spirit   .     (no cloak)
rCorr  .         Warding  .     (no gloves)
rMut   +         Stasis   .     (no boots)
MR     .....                    j - amulet of resist mutation
Stlth  +.........               (no ring)
                                k - +5 ring of intelligence

@: drained, not resistant to hostile enchantments, very unstealthy
A: no striking features
a: no special abilities


You were on level 2 of the Dungeon.
You were hungry.

You visited 1 branch of the dungeon, and saw 2 of its levels.

You collected 70 gold pieces.

Inventory:

Hand weapons
 a - a +0 war axe (weapon)
Armour
 b - a +0 leather armour
 c - a +0 helmet (worn)
 h - a +0 helmet
 l - a cursed +0 ring mail (worn)
Jewellery
 i - an uncursed ring of ice
 j - an amulet of resist mutation (around neck)
 k - a +5 ring of intelligence (left hand)
Scrolls
 f - 2 scrolls of identify {unknown}
 m - a scroll of teleportation {unknown}
 n - a scroll of remove curse {unknown}
Potions
 g - a potion of lignification {unknown}
 p - a potion of heal wounds {unknown}
 q - a potion of haste
Comestibles
 e - a bread ration
 o - a beef jerky


   Skills:
 + Level 2.7(2.3) Fighting
 + Level 5.0(4.6) Axes
 + Level 2.0(1.7) Throwing
 + Level 1.8(1.4) Armour
 + Level 3.0(2.6) Dodging
 + Level 0.1(0.0) Stealth


You had 3 spell levels left.
You didn't know any spells.

Dungeon Overview and Level Annotations

Branches:
Dungeon (2/15)

Altars:

Annotations:
D:2 Crazy Yiuf


Message History

Aim: Crazy Yiuf, wielding a quarterstaff of chaos and wearing a cloak (lightly wounded)
You throw a throwing net.
The throwing net barely misses Crazy Yiuf.
Crazy Yiuf cries, "Leather water agre!"
Throwing (i - inventory):
d - 2 throwing nets (quivered)
Press: ? - help, Shift-Dir - straight line, f/p - Crazy Yiuf
Aim: Crazy Yiuf, wielding a quarterstaff of chaos and wearing a cloak (lightly wounded)
You throw a throwing net.
The throwing net closely misses Crazy Yiuf.
Crazy Yiuf hits you with a quarterstaff of chaos.
* * * LOW HITPOINT WARNING * * *
Throwing (i - inventory):
d - a throwing net (quivered)
Press: ? - help, Shift-Dir - straight line, f/p - Crazy Yiuf
Aim: Crazy Yiuf, wielding a quarterstaff of chaos and wearing a cloak (lightly wounded)
You throw a throwing net.
The throwing net barely misses Crazy Yiuf.
Crazy Yiuf laughs, "Ten tortoise tortoise!"
Crazy Yiuf barely misses you.
Crazy Yiuf hits you with a quarterstaff of chaos!
You die...

####.†.#..##
♣♣g♣
#...†..<..#
♣.♣♣
#.##..##.##
♣♣(♣ #.
#..##.## ♣♣.♣♣
# #......#
♣♣(..♣
.....##.##
♣....♣
.###.##.#
#....# #.##.#
##..##
#.##.#####g@.#
#.##.........#
#########.#
#.# #.# #[#
#.# ..# ..#


You could see Crazy Yiuf.

Vanquished Creatures
  2 adders (D:1)
  An ooze (D:1)
  A giant gecko (D:2)
  4 giant cockroaches
  8 hobgoblins
  3 jackals (D:2)
  A ball python (D:1)
  3 bats
  5 giant newts
  6 goblins (D:1)
  7 kobolds (D:1)
  8 rats
  2 fungi (D:1)
51 creatures vanquished.

Notes
Turn   | Place    | Note
--------------------------------------------------------------
     0 | D:1      | Shim the Hill Orc Gladiator began the quest for the Orb.
     0 | D:1      | Reached XP level 1. HP: 18/18 MP: 1/1
    62 | D:1      | Reached XP level 2. HP: 18/25 MP: 2/2
   756 | D:1      | Reached XP level 3. HP: 30/30 MP: 3/3
  1076 | D:1      | Reached skill level 1 in Armour
  2249 | D:2      | Reached XP level 4. HP: 37/37 MP: 4/4
  2525 | D:2      | Reached skill level 5 in Axes
  2632 | D:2      | Noticed Crazy Yiuf
  2651 | D:2      | Slain by Crazy Yiuf

Vault maps used:
D:1:      dpeg_arrival_prison, hangedman_feature_mirror, minmay_close_crescents
D:2:      serial_forest, infiniplex_forest_clump_double,
          infiniplex_forest_end_2, infiniplex_forest_lined_3_way,
          infiniplex_forest_clump_small, infiniplex_forest_clump_double,
          infiniplex_forest_lined_room_2, infiniplex_forest_lined_room_3,
          uniq_crazy_yiuf_cottage

Action                   |  1- 3 |  4- 6 || total
-------------------------+-------+-------++-------
Melee: War axe           |   127 |    29 ||   156
Throw: Throwing net      |       |     3 ||     3
  Eat: Meat ration       |     1 |       ||     1
